 Dungeon Crawl Stone Soup version 0.21-a0-84-g85d6d27 (webtiles) character file.

108 Deathtrap2010 the Firebug (level 4, 0/42 HPs)
             Began as an Ogre Fire Elementalist on June 27, 2017.
             Slain by an orc
             ... wielding a +1 short sword of draining
              (3 damage)
             ... on level 3 of the Dungeon.
             The game lasted 00:13:31 (2407 turns).

Deathtrap2010 the Firebug (Ogre Fire Elementalist)  Turns: 2407, Time: 00:13:32

Health: 0/42       AC:  4    Str: 12    XL:     4   Next: 87%
Magic:  1/8        EV:  9    Int: 17    God:
Gold:   82         SH:  4    Dex:  9    Spells: 2/9 levels left

rFire    . . .     SeeInvis +   e - +0 short sword
rCold    . . .     Gourm    .   (no shield)
rNeg     . . .     Faith    .   a - +1 robe
rPois    .         Spirit   .   (helmet restricted)
rElec    .         Reflect  +   (no cloak)
rCorr    .         Harm     .   (gloves unavailable)
MR       .....                  (boots unavailable)
Stlth    +.........             d - +4 amulet of reflection
HPRegen  0.14/turn              h - ring of see invisible
MPRegen  0.11/turn              (no ring)

@: heavily drained
A: unfitting armour, tough skin 1
a: no special abilities


You were on level 3 of the Dungeon.
You were not hungry.

You visited 1 branch of the dungeon, and saw 3 of its levels.

You collected 82 gold pieces.

Inventory:

Hand Weapons
 e - a +0 short sword (weapon)
Armour
 a - a +1 robe (worn)
Jewellery
 d - a +4 amulet of reflection (around neck)
 h - a ring of see invisible (left hand)
Scrolls
 k - a scroll of remove curse
 l - 3 scrolls of identify
 n - a scroll of recharging
Potions
 g - 5 potions of curing
 m - 2 potions of flight
Books
 b - a book of Flames

   Spells                             Type                      Level
   a - Flame Tongue                   Conjuration/Fire             1
   b - Throw Flame                    Conjuration/Fire             2
   c - Conjure Flame                  Conjuration/Fire             3
   d - Inner Flame                    Hexes/Fire                   3
   e - Sticky Flame                   Conjuration/Fire             4
   f - Fireball                       Conjuration/Fire             5
Comestibles
 c - a bread ration
 f - 2 royal jellies


   Skills:
 * Level 1.6(0.4) Fighting
 * Level 0.5(0.0) Short Blades
 * Level 1.0(0.0) Armour
 * Level 2.0(0.8) Dodging
 * Level 1.7(0.5) Stealth
 - Level 0.1(0.0) Unarmed Combat
 * Level 3.1(1.9) Spellcasting
 * Level 1.6(0.4) Conjurations
 * Level 3.2(1.9) Fire Magic


You had 2 spell levels left.
You knew the following spells:

 Your Spells              Type           Power        Failure   Level  Hunger
a - Flame Tongue          Conj/Fire      #....        12%         1    #......
b - Throw Flame           Conj/Fire      #.....       19%         2    ###....
c - Sticky Flame          Conj/Fire      #.......     75%         4    #####..


Dungeon Overview and Level Annotations

Branches:
Dungeon (3/15)

Altars:
Fedhas
Zin


Innate Abilities, Weirdness & Mutations

You are too large for most types of armour.
You have tough skin. (AC +1)


Message History

You feel drained. The orc completely misses you.
Casting: Flame Tongue
Confirm with . or Enter, or press ? or * to list all spells.
Aiming: Flame Tongue
Press: ? - help, Shift-Dir - straight line, f/p - orc
Aim: an orc, wielding a short sword of draining and wearing a dyed leather armour (blue smoke)
The flame tongue misses the orc.
The flame tongue hits the orc.
The orc appears unharmed.
The orc hits you with a short sword of draining.
* * * LOW HITPOINT WARNING * * *
You feel drained. You block the orc's attack.
You barely miss the orc. The orc hits you but does no damage.
You feel drained. You block the orc's attack.
Your magical contamination has completely faded away.
You hit the orc.
The orc is heavily wounded.
The orc hits you with a short sword of draining!
* * * LOW HITPOINT WARNING * * *
You feel drained.
You die...

##.#)#####.##.####
#.....# #. #.#
#..#..####.##'####
##..#.......#...##.
##...##.#####.....#.
#.§§#§#.# ##........
#§§o§§..###.........
#.§o§...÷)'.........
###@§...###.........
###§#.# ##........
###.# ##.....#. #.#
##...### #.# ##+##
#.# #.#### #.#
#.#... #.# ##.#.##
#.# ####....#


You could see 2 orcs.

Vanquished Creatures
  An orc priest (D:3)
  2 adders (D:2)
  2 dart slugs (D:1)
  4 orcs (D:3)
  A ball python (D:2)
  4 giant cockroaches
  6 goblins
  4 hobgoblins
  A quokka (D:3)
  10 bats
  2 frilled lizards (D:2)
  9 kobolds
  7 rats
53 creatures vanquished.

Notes
Turn   | Place    | Note
-------+----------+-------------------------------------------
     0 | D:1      | Deathtrap2010 the Ogre Fire Elementalist began the quest for the Orb.
     0 | D:1      | Reached XP level 1. HP: 16/16 MP: 3/3
   152 | D:1      | Reached skill level 1 in Conjurations
   152 | D:1      | Reached XP level 2. HP: 26/26 MP: 2/5
   156 | D:1      | Learned a level 2 spell: Throw Flame
   754 | D:1      | Reached XP level 3. HP: 29/32 MP: 3/6
   981 | D:2      | Reached skill level 1 in Fighting
  1043 | D:2      | Found a glowing silver altar of Zin.
  1190 | D:2      | Reached XP level 4. HP: 40/41 MP: 2/8
  1747 | D:2      | Learned a level 4 spell: Sticky Flame
  1972 | D:2      | Found a blossoming altar of Fedhas.
  2392 | D:3      | Reached skill level 1 in Armour
  2407 | D:3      | Slain by an orc

Vault maps used:
D:1:      dpeg_arrival_renting
D:2:      marbit_many_paths, nicolae_overflow_hidden_temple, first_bread
D:3:      uniq_natasha

Skill      XL: |  1  2  3  4 |
---------------+-------------+-----
Conjurations   | 1 |  1.6
Fire Magic     | 3 |  3.2
Fighting       | 1 |  1.6
Dodging        | 2 |  2.0
Armour         | 1 |  1.0
Spellcasting   | 3 |  3.1
Short Blades   | |  0.5
Stealth        | |  1.7
Unarmed Combat | |  0.1

Action                   |  1- 3 |  4- 6 || total
-------------------------+-------+-------++-------
Melee: Unarmed           |    11 |       ||    11
       Short sword       |    39 |    25 ||    64
 Cast: Flame Tongue      |    28 |    31 ||    59
       Throw Flame       |     8 |     5 ||    13
       Sticky Flame      |       |     1 ||     1
  Use: Scroll            |     4 |     6 ||    10
       Potion            |     2 |       ||     2
 Stab: Sleeping          |     1 |       ||     1
  Eat: Bread ration      |     1 |     1 ||     2
Armor: Robe              |    26 |    12 ||    38
Dodge: Dodged            |    30 |    20 ||    50
Block: Other             |    16 |     8 ||    24
